 Dungeon Crawl Stone Soup version 0.28.0-43-g3370ac3207 (webtiles) character file.

Game seed: 7814046401261180573

43 AlmostDecent the Digger (level 3, 0/25 HPs)
             Began as a Gnoll Earth Elementalist on Mar 31, 2022.
             Killed from afar by Sigmund (5 damage)
             ... with a magic dart
             ... on level 2 of the Dungeon.
             The game lasted 00:07:15 (1685 turns).

AlmostDecent the Digger (Gnoll Earth Elementalist)  Turns: 1685, Time: 00:07:15

Health: 0/25       AC:  2    Str:  7    XL:     3   Next: 58%
Magic:  1/9        EV: 17    Int: 16    God:
Gold:   29         SH:  0    Dex: 12    Spells: 8/12 levels left

rFire   . . .      SeeInvis .   a - +1 short sword (venom)
rCold   . . .      Faith    .   (no shield)
rNeg    . . .      Spirit   .   b - +0 robe
rPois   .          Reflect  .   (no helmet)
rElec   .          Harm     .   (no cloak)
rCorr   .          Rampage  .   (no gloves)
Will    .....                   (no boots)
Stlth   +.........              (no amulet)
HPRegen 0.08/turn               i - +4 ring of evasion
MPRegen 0.11/turn               (no ring)

@: confused
A: fangs 1, strong nose, distributed training
a: no special abilities


You were on level 2 of the Dungeon.
You visited 1 branch of the dungeon, and saw 2 of its levels.

You collected 29 gold pieces.

Inventory:

Hand Weapons
 a - a +1 short sword of venom (weapon)
 h - a +0 dagger
Missiles
 j - 12 stones
Armour
 b - a +0 robe (worn)
Jewellery
 i - a +4 ring of evasion (left hand)
Scrolls
 d - 2 scrolls of enchant armour {unknown}
 e - 2 scrolls of identify {unknown}
 f - a scroll of immolation {unknown}


   Skills:
 + Level 0.8 Fighting
 + Level 0.8 Short Blades
 + Level 0.8 Long Blades
 + Level 0.8 Axes
 + Level 0.8 Maces & Flails
 + Level 0.8 Polearms
 + Level 0.8 Staves
 + Level 0.8 Slings
 + Level 0.8 Bows
 + Level 0.8 Crossbows
 + Level 0.8 Throwing
 + Level 0.8 Armour
 + Level 4.5 Dodging
 + Level 4.1 Stealth
 + Level 0.8 Shields
 + Level 0.8 Unarmed Combat
 + Level 5.0 Spellcasting
 + Level 0.5 Conjurations
 + Level 0.5 Hexes
 + Level 0.5 Summonings
 + Level 0.5 Necromancy
 + Level 0.5 Translocations
 + Level 2.1 Transmutations
 + Level 0.5 Fire Magic
 + Level 0.5 Ice Magic
 + Level 0.5 Air Magic
 + Level 5.4 Earth Magic
 + Level 0.5 Poison Magic
 + Level 1.0 Invocations
 + Level 0.8 Evocations


You had 8 spell levels left.
You knew the following spells:

 Your Spells              Type           Power      Damage    Failure   Level
a - Sandblast             Erth           42%        2d11      1%          1
b - Stone Arrow           Conj/Erth      26%        3d8       13%         3

Your spell library contained the following spells:

 Spells                   Type           Power      Damage    Failure   Level
 Passwall                 Tmut/Erth      13%        N/A       4%          2
 Pain                     Necr           20%        1d5       12%         1
 Petrify                  Tmut/Erth      16%        N/A       32%         4
 Agony                    Necr           5%         N/A       97%         5
 Excruciating Wounds      Necr           2%         N/A       97%         5


Dungeon Overview and Level Annotations

Branches:
Dungeon (2/15)

Altars:
Beogh

Shops:
D:1 (

Annotations:
D:2 Robin, Sigmund


Innate Abilities, Weirdness & Mutations

You have very sharp teeth.
Your uncanny sense of smell can sniff out nearby items.
Your experience applies equally to all skills.


Message History

Sigmund gestures wildly while chanting.
Sigmund flickers and vanishes!
Deactivating autopickup; reactivate with Ctrl-A.
You barely miss something. Your bite misses something.
The kobold hits you but does no damage.
You are poisoned.
Something barely misses you.
It was a potion of heal wounds.
You feel much better.
You feel very sick. The kobold misses you.
The blast of sand hits the kobold!
You kill the kobold!
You feel sick. Something barely misses you.
You feel sick.
You hear some strange, mumbled words.
Something tries to affect you, but you resist.
Things that are here:
a +0 short sword of venom; 2 stones; a kobold corpse
a - a +0 short sword of venom You feel sick.
Something hits you.
You closely miss something.
You feel sick.
You closely miss something.
You feel sick. Something barely misses you.
You closely miss something.
You feel sick. Something hits you.
* * * LOW HITPOINT WARNING * * *
You feel sick.
You feel sick.
You are no longer poisoned.
You see here 18 bolts.
A puff of flame appears from out of thin air!
The puff of flame misses you.
As you read the scroll labelled TIFONO XIEGHAO, it crumbles to dust.
It is a scroll of enchant weapon.
Your +0 short sword of venom glows red for a moment.
Your +1 short sword of venom begins to drip with poison!
a - a +1 short sword of venom (weapon)
You hear some strange, mumbled words.
You are confused.
A magic dart appears from out of thin air!
The magic dart hits you.
You die...

#.# #.#.
#..##.### #.#
#.#.###.......
#### #.#
#.#.......#.#
...# #.#
#.#..[......#
##.# #.#
#.#..>.(.#..#
.#.# #.#
#.#......#..#
.#.# #g#
#.##.....#..#
.#.# #.#
#.##.....#..##
...###.#
#@.{.........#
....##'####
###########..#
..........#
#..#
..........#
#..## #
..........#
##..# #
..........#
#..## #
..........#
#...# #
..........#
###..###
....#######
#.......


There were no monsters in sight!

Vanquished Creatures
  A dart slug (D:1)
  2 bats (D:1)
  4 endoplasms
  3 giant cockroaches (D:1)
  5 goblins
  5 hobgoblins
  3 jackals (D:1)
  3 kobolds
  3 quokkas (D:1)
  A ball python (D:2)
  A frilled lizard (D:1)
  2 rats (D:1)
33 creatures vanquished.

Notes
Turn   | Place    | Note
-------+----------+-------------------------------------------
     0 | D:1      | AlmostDecent the Gnoll Earth Elementalist began the quest
                  | for the Orb.
     0 | D:1      | Reached XP level 1. HP: 13/13 MP: 6/6
   134 | D:1      | Reached XP level 2. HP: 19/19 MP: 5/7
   335 | D:1      | Found Urecror's Antique Weapon Boutique.
   659 | D:1      | Reached XP level 3. HP: 25/25 MP: 7/9
  1033 | D:1      | Reached skill level 5 in Spellcasting
  1251 | D:1      | Learned a level 3 spell: Stone Arrow
  1274 | D:1      | Found a faded altar of an unknown god.
  1451 | D:2      | Reached skill level 1 in Invocations
  1460 | D:2      | Noticed Robin
  1658 | D:2      | Noticed Sigmund
  1685 | D:2      | Killed from afar by Sigmund

Illustrated notes

Levels and vault maps discovered:
D:1:      nicolae_arrival_somewhat_less_tricky_arrival, layout_basic,
          serial_shops, shop, hellmonk_ecumenical_altar_defaced_shrine
D:2:      layout_basic, uniq_robin, uniq_sigmund

Skill      XL: |  1  2  3 |
---------------+----------+-----
Transmutations | 2 |  2.1
Spellcasting   | 5 |  5.0
Invocations    | 1 |  1.0
Fighting       | |  0.8
Short Blades   | |  0.8
Long Blades    | |  0.8
Axes           | |  0.8
Maces & Flails | |  0.8
Polearms       | |  0.8
Staves         | |  0.8
Slings         | |  0.8
Bows           | |  0.8
Crossbows      | |  0.8
Throwing       | |  0.8
Armour         | |  0.8
Dodging        | |  4.5
Stealth        | |  4.1
Shields        | |  0.8
Unarmed Combat | |  0.8
Conjurations   | |  0.5
Hexes          | |  0.5
Summonings     | |  0.5
Necromancy     | |  0.5
Translocations | |  0.5
Fire Magic     | |  0.5
Ice Magic      | |  0.5
Air Magic      | |  0.5
Earth Magic    | |  5.4
Poison Magic   | |  0.5
Evocations     | |  0.8

Action                   || total
-------------------------++-------
Melee: Unarmed           ||    14
       Dagger            ||     9
       Bite              ||     2
 Cast: Sandblast         ||    32
       Stone Arrow       ||     8
  Use: Scroll            ||     2
       Potion            ||     2
Armor: Robe              ||     6
Dodge: Dodged            ||    26
